 Dungeon Crawl Stone Soup version 0.27.1-33-g824d729ab1 (webtiles) character file.

Game seed: 8230146454617948803

4989 DenSaoPin the Cleaver (level 10, -7/86 HPs)
             Began as a Minotaur Berserker on Dec 1, 2021.
             Was an Elder of Trog.
             Mangled by a five-headed hydra (10 damage)
             ... on level 8 of the Dungeon.
             The game lasted 00:20:15 (9156 turns).

DenSaoPin the Cleaver (Minotaur Berserker)          Turns: 9156, Time: 00:20:15

Health: -7/86      AC: 14    Str: 29    XL:     10   Next: 29%
Magic:  9/9        EV:  8    Int:  6    God:    Trog [****..]
Gold:   425        SH:  7    Dex: 10    Spells: 9/9 levels left

rFire    . . .     SeeInvis .   J - +1 war axe
rCold    . . .     Faith    .   q - +2 buckler
rNeg     . . .     Spirit   .   K - +0 plate armour
rPois    .         Reflect  .   (helmet restricted)
rElec    .         Harm     .   (no cloak)
rCorr    .         Rampage  .   (no gloves)
Will     .....                  (no boots)
Stlth    ..........             (no amulet)
HPRegen  0.24/turn              Q - +6 ring of strength
MPRegen  0.11/turn              (no ring)

@: slowed, very slow
A: horns 2, retaliatory headbutt
a: Renounce Religion, Berserk, Trog's Hand, Brothers in Arms


You were on level 8 of the Dungeon.
You worshipped Trog.
Trog was greatly pleased with you.
You visited 1 branch of the dungeon, and saw 8 of its levels.
You also visited: Sewer.

You collected 425 gold pieces.

Inventory:

Hand Weapons
 a - a +0 hand axe
 D - a +0 scythe of protection
 H - a +4 halberd
 I - a +1 spear of venom
 J - a +1 war axe (weapon)
 M - a +4 flail
 S - a +2 halberd of protection
Missiles
 h - 108 bolts
 i - 5 throwing nets (quivered)
 m - 38 poisoned darts
Armour
 b - a +0 animal skin
 d - a +0 chain mail
 k - a +0 scale mail
 q - a +2 buckler (worn)
 C - a +0 ring mail of willpower
 K - a +0 plate armour (worn)
 P - a +1 robe of the Archmagi
Jewellery
 e - an amulet of magic regeneration
 Q - a +6 ring of strength (left hand)
Wands
 r - a wand of flame (28)
 A - a wand of mindburst (16)
Scrolls
 c - 4 scrolls of enchant armour
 f - 6 scrolls of identify
 j - 2 scrolls of magic mapping {unknown}
 s - a scroll of silence {unknown}
 t - 2 scrolls of fog {unknown}
 u - a scroll of acquirement {unknown}
 w - a scroll of torment {unknown}
 x - 2 scrolls of noise {unknown}
 y - a scroll of brand weapon {unknown}
 z - 2 scrolls of amnesia {unknown}
 E - a scroll of fear {unknown}
 F - a scroll of teleportation {unknown}
 L - a scroll of vulnerability {unknown}
 O - a scroll of immolation {unknown}
 R - a scroll of summoning {unknown}
Potions
 n - 3 potions of flight
 o - 4 potions of curing
 p - a potion of attraction {unknown}
 v - 2 potions of berserk rage {unknown}
 B - 3 potions of brilliance {unknown}
 G - 2 potions of mutation {unknown}
 N - a potion of haste {unknown}


   Skills:
 + Level 7.2 Fighting
 - Level 10.3 Axes
 - Level 10.0 Armour
 - Level 2.1 Dodging
 - Level 8.0 Shields
 + Level 4.7 Evocations


You had 9 spell levels left.
You didn't know any spells.
Your spell library was empty.

Dungeon Overview and Level Annotations

Branches:
Dungeon (8/15)             Temple (0/1) D:7           Sewer (visited)
   Lair: D:8-11

Altars:
Cheibriados
Dithmenos
Elyvilon
Kikubaaqudgha
Makhleb
Qazlal
Ru
Sif Muna
Uskayaw
Wu Jian
Xom
Yredelemnul
Zin


Innate Abilities, Weirdness & Mutations

You have a pair of horns on your head.
You reflexively headbutt those who attack you in melee.


Message History

The five-headed hydra bites you. The five-headed hydra bites you!
You block the five-headed hydra's attack.
The five-headed hydra bites you but does no damage.
Okay, then.
You feel much better.
You feel sick.
The five-headed hydra barely misses you.
You furiously retaliate!
You headbutt the five-headed hydra.
The five-headed hydra closely misses you.
The five-headed hydra bites you!
The five-headed hydra bites you but does no damage. x2
Okay, then.
Press: ? - help, v - describe, . - travel The floor, spattered with blood.
As you read the scroll labelled AKLOEF SOQECARGH, it crumbles to dust.
It is a scroll of identify.
c - 4 scrolls of enchant armour You feel sick.
You are no longer poisoned.
You block the five-headed hydra's attack.
The five-headed hydra barely misses you.
You block the five-headed hydra's attack.
The five-headed hydra barely misses you. x2
The five-headed hydra bites you.
The five-headed hydra bites you but does no damage.
The five-headed hydra bites you. x3
As you read the scroll labelled IKOVON KUQUGU, it crumbles to dust.
It is a scroll of enchant weapon.
Your +0 war axe glows red for a moment.
The five-headed hydra bites you but does no damage.
The five-headed hydra bites you. The five-headed hydra bites you!
* * * LOW HITPOINT WARNING * * *
The five-headed hydra barely misses you.
The five-headed hydra bites you!
* * * LOW HITPOINT WARNING * * *
You feel much better. The five-headed hydra bites you!
* * * LOW HITPOINT WARNING * * *
The five-headed hydra bites you!
* * * LOW HITPOINT WARNING * * *
The five-headed hydra bites you!
You die...

##.#.### #.###
####.#### #.......##
#.##.##.#.
#.##.##.#. ###
#.##......
###.#######.#####.#.
#KD@........#####.).
#.#########.......).
#......#T.###....)..
#.#..#.#..+:##.#....
#..##..# ####.##.♣♣
#.. .# #....###.
#.#. # #.#..####
#... #.......# ##+##
##...##.#


You could see a five-headed hydra and a kobold brigand.

Vanquished Creatures
  Harold (D:7)
  Grinder (D:3)
  A wyvern (D:6)
  Sigmund (D:6)
  Menkaure (D:5)
  Duvessa (D:6)
  4 water moccasins
  2 orc warriors
  3 black bears
  An ice beast (D:6)
  A necrophage (D:5)
  2 ogres (D:6)
  A centaur (D:7)
  2 phantoms (D:5)
  Blork the orc (D:5)
  2 kobold brigands
  A bullfrog (D:7)
  A gnoll sergeant (D:7)
  Dowan (D:6)
  3 scorpions
  5 wights (D:7)
  5 howler monkeys
  A centaur zombie (D:6)
  2 crimson imps (D:4)
  2 jellies (D:7)
  A bullfrog zombie (D:6)
  A centaur skeleton (D:7)
  5 hounds
  5 orc priests
  A bullfrog skeleton (D:4)
  Terence (D:3)
  3 iguanas
  6 orc wizards
  A killer bee zombie (D:7)
  A howler monkey zombie (D:7)
  7 gnolls
  A howler monkey skeleton (D:7)
  9 adders
  3 river rats
  2 ufetubi (D:7)
  6 worms
  An adder skeleton (D:5)
  2 dart slugs
  24 orcs
  4 bats
  4 endoplasms
  2 giant cockroaches
  4 goblins
  3 hobgoblins
  16 jackals
  14 kobolds
  2 quokkas
  2 ball pythons
  A frilled lizard (D:2)
  13 rats
191 creatures vanquished.

Vanquished Creatures (others)
  3 plants (D:5)
3 creatures vanquished.

Grand Total: 194 creatures vanquished

Notes
Turn   | Place    | Note
-------+----------+-------------------------------------------
     0 | D:1      | DenSaoPin the Minotaur Berserker began the quest for the
                  | Orb.
     0 | D:1      | Reached XP level 1. HP: 19/19 MP: 0/0
    56 | D:1      | Found a faded altar of an unknown god.
   315 | D:1      | Reached XP level 2. HP: 26/26 MP: 1/1
   603 | D:1      | Reached ** piety under Trog
   944 | D:2      | Reached XP level 3. HP: 31/31 MP: 2/2
  1747 | D:3      | Reached skill level 5 in Axes
  1747 | D:3      | Reached XP level 4. HP: 32/39 MP: 3/3
  2017 | D:3      | Found a glowing drain.
  2024 | Sewer    | Entered a sewer
  2150 | Sewer    | Noticed a kobold brigand
  2157 | Sewer    | Reached XP level 5. HP: 42/45 MP: 4/4
  2167 | Sewer    | Reached *** piety under Trog
  2168 | Sewer    | Reached skill level 5 in Armour
  2323 | Sewer    | Found a white marble altar of Elyvilon.
  2407 | D:3      | Noticed Grinder
  2432 | D:3      | Killed Grinder
  2433 | D:3      | Reached XP level 6. HP: 37/51 MP: 5/5
  2696 | D:3      | Noticed Terence
  2707 | D:3      | Killed Terence
  2834 | D:3      | Found a large runed translucent door.
  2834 | D:3      | Found a large runed translucent door.
  2838 | D:3      | Found a shimmering altar of Xom.
  3282 | D:4      | Reached skill level 1 in Shields
  3534 | D:4      | Reached XP level 7. HP: 48/57 MP: 6/6
  4074 | D:4      | Found a shimmering altar of Xom.
  4170 | D:4      | Found a basalt altar of Yredelemnul.
  4334 | D:5      | Entered Level 5 of the Dungeon
  4668 | D:5      | Noticed Blork the orc
  4676 | D:5      | Killed Blork the orc
  4677 | D:5      | Reached XP level 8. HP: 60/64 MP: 7/7
  4771 | D:5      | Noticed Menkaure
  4793 | D:5      | Killed Menkaure
  5043 | D:5      | Reached skill level 5 in Shields
  5352 | D:5      | Found a burning altar of Makhleb.
  5352 | D:5      | Found an ancient bone altar of Kikubaaqudgha.
  5353 | D:5      | Found a shimmering blue altar of Sif Muna.
  5544 | D:6      | Noticed Dowan
  5545 | D:6      | Noticed Duvessa
  5557 | D:6      | Killed Duvessa
  5565 | D:6      | Killed Dowan
  5608 | D:6      | Reached XP level 9. HP: 57/70 MP: 8/8
  5789 | D:6      | Noticed Sigmund
  5799 | D:6      | Killed Sigmund
  5862 | D:6      | Found a sacrificial altar of Ru.
  5924 | D:6      | Reached skill level 10 in Axes
  6226 | D:6      | Reached **** piety under Trog
  6266 | D:6      | Found an ornate altar of the Wu Jian Council.
  7036 | D:7      | Found a snail-covered altar of Cheibriados.
  7092 | D:7      | Reached skill level 10 in Armour
  7092 | D:7      | Reached skill level 1 in Evocations
  7594 | D:7      | Found a shadowy altar of Dithmenos.
  7665 | D:7      | Noticed Harold
  7677 | D:7      | Killed Harold
  7678 | D:7      | Reached skill level 5 in Fighting
  7678 | D:7      | Reached XP level 10. HP: 55/83 MP: 9/9
  7781 | D:7      | Found a staircase to the Ecumenical Temple.
  8667 | D:7      | Found a white marble altar of Elyvilon.
  8667 | D:7      | Found a faded altar of an unknown god.
  8673 | D:7      | Found a faded altar of an unknown god.
  8675 | D:7      | Found a stormy altar of Qazlal.
  8677 | D:7      | Found a hide-covered altar of Uskayaw.
  8845 | D:8      | Found a glowing silver altar of Zin.
  9147 | D:8      | Noticed a four-headed hydra
  9156 | D:8      | HP: 3/86 [five-headed hydra (11)]
  9156 | D:8      | Mangled by a five-headed hydra

Illustrated notes

Levels and vault maps discovered:
D:1:      amcnicky_arrival_gap_in_the_tavern_cellar, layout_loops_ring,
          dreamdust_ecumenical_altar_statues, chequers_serial_rivers_marsh,
          corexii_item_surrounded_by_moat, st_stairs_12
D:2:      layout_basic, serial_rivers, chequers_serial_rivers_marsh,
          chequers_serial_rivers_room_b, chequers_serial_rivers_small_b,
          chequers_serial_rivers_small_b
D:3:      due_chaos_kobolds, layout_loops_ring, lightli_sewer_entry_pipes,
          uniq_grinder, uniq_terence
D:4:      minmay_door_path, layout_basic, led_xom_imps, marbit_many_paths,
          chequers_mini_garden, chequers_serial_rivers_micro_e
D:5:      black_bear_nest_1, layout_cave_pods,
          gammafunk_temple_overflow_forgotten, minivault_5, uniq_blork_the_orc,
          uniq_menkaure
D:6:      layout_basic, nicolae_wu_jian_glorious_leap,
          nicolae_ru_sacrificial_ziggurat, minmay_checkerbox, uniq_sigmund,
          uniq_duvessa
D:7:      layout_basic, cheibriados_altar_1,
          nicolae_dithmenos_through_a_glass_darkly,
          chequers_temple_overflow_minitemple, minmay_temple_entry_antechambers,
          nzn_random_ring, uniq_harold
D:8:      minmay_clustersquares, layout_loops_cross, zin_academy, uniq_pikel

Skill      XL: |  1  2  3  4  5  6  7  8  9 10 |
---------------+-------------------------------+-----
Axes           | 4 5 6 7 8 9 10 | 10.3
Armour         | 3 4 6 7 9 10 | 10.0
Shields        | 1 4 6 8 |  8.0
Evocations     | 3 4 |  4.7
Fighting       | 5 7 |  7.2
Dodging        | |  2.1

Action                   |  1- 3 |  4- 6 |  7- 9 | 10-12 || total
-------------------------+-------+-------+-------+-------++-------
Melee: Hand axe          |    78 |   152 |   306 |       ||   536
       Headbutt          |    15 |    32 |    65 |    25 ||   137
       War axe           |       |       |    17 |    94 ||   111
Invok: Trog's Hand       |       |     1 |     6 |       ||     7
       Berserk           |       |     1 |       |     1 ||     2
  Use: Scroll            |       |       |       |     2 ||     2
       Potion            |       |       |       |     2 ||     2
Armor: Animal skin       |    10 |       |       |       ||    10
       Chain mail        |    21 |    72 |   110 |       ||   203
       Plate armour      |       |       |     4 |    54 ||    58
Dodge: Dodged            |    44 |    58 |    91 |    43 ||   236
Block: Buckler           |       |    10 |    83 |    46 ||   139
